Map: Tours du crépuscule

Players

Naffy - Winner!

  • Race: Terran Terran
  • League: Master

Welmu

  • Race: Protoss Protoss
  • League: Grandmaster

VOD

Have the link to the VOD?

Description

Naffy VS Welmu

Time

  • Played on: Dec. 4, 2015, 6:07 p.m.
  • Length: 16:57
Show
View Real Time Build Order
Export as new Build Order

Naffy Terran - Winner!

Build Orders: Reaper Expand, MMM Bio 

Get SALT Encoding   

  12  0:01  SCV  
  13  0:13  SCV  
  14  0:17  Supply Depot  
  14  0:25  SCV  
  15  0:39  SCV  
  15  0:40  Barracks  
  16  0:45  Refinery  
  16  0:51  SCV  
  17  1:03  SCV  
  18  1:15  SCV  
  19  1:27  Orbital Command  
  19  1:28  Reaper  
  20  1:38  Command Center  
  20  1:49  Supply Depot  
  20  1:53  SCV  
  21  2:01  Barracks Reactor  
  21  2:05  SCV  
  22  2:17  SCV  
  22  2:21  Command Center  
  23  2:29  SCV  
  24  2:37  Barracks  
  24  2:39  Marine x2  
  24  2:42  SCV  
  27  2:56  Marine  
  27  2:57  Marine  
  28  2:59  Barracks  
  28  3:00  Orbital Command  
  28  3:05  SCV  
  28  3:14  Marine x2  
  28  3:18  SCV  
  31  3:23  Barracks Tech Lab  
  31  3:30  SCV x2  
  31  3:32  Marine  
  35  3:42  Stimpack, Marauder  
  35  3:44  Marine  
  35  3:46  Engineering Bay  
  35  3:48  Orbital Command  
  36  3:58  Marine  
  36  4:00  SCV  
  36  4:01  Marine  
  39  4:03  Marauder  
  39  4:09  SCV  
  42  4:12  SCV  
  41  4:21  SCV  
  41  4:24  SCV x2  
  41  4:27  Marine x2  
  44  4:32  Terran Infantry Weapons Level 1  
  44  4:33  Supply Depot  
  44  4:34  Marauder  
  45  4:47  Supply Depot  
  45  4:48  Factory  
  45  4:51  SCV x2  
  45  4:56  SCV  
  46  5:00  Marine  
  46  5:01  Marauder, Marine  
  50  5:11  SCV  
  50  5:12  SCV  
  51  5:14  Refinery  
  51  5:15  Refinery  
  51  5:18  Refinery  
  51  5:21  Barracks Reactor, Barracks Tech Lab  
  51  5:27  SCV x2  
  51  5:28  SCV  
  54  5:32  Marauder  
  56  5:39  SCV x2  
  56  5:40  Supply Depot, SCV  
  56  5:42  Supply Depot  
  59  5:48  Factory Reactor, Starport  
  59  5:49  Marine  
  60  5:53  SCV  
  61  5:57  Supply Depot  
  61  5:58  Combat Shields, Supply Depot  
  61  6:01  SCV x2  
  63  6:05  SCV  
  63  6:08  Concussive Shells, Marine x4  
  68  6:13  SCV  
  68  6:16  Supply Depot  
  68  6:17  SCV, Orbital Command  
  71  6:19  Supply Depot  
  70  6:25  SCV  
  70  6:26  Terran Infantry Armor Level 1  
  70  6:27  Marine x4  
  70  6:29  SCV  
  76  6:36  Medivac  
  76  6:37  Factory Reactor, Medivac  
  80  6:42  SCV x2  
  80  6:45  Marine x4  
  80  6:46  Refinery  
  86  6:51  Refinery  
  86  6:54  Barracks  
  86  6:55  Barracks  
  86  6:56  SCV x2  
  86  6:57  SCV  
  86  6:58  Missile Turret  
  89  7:03  Supply Depot x2  
  87  7:09  SCV x2  
  87  7:13  SCV  
  87  7:19  Marauder, Marine x2  
  87  7:20  Marauder  
  87  7:21  SCV  
  87  7:22  SCV  
  93  7:25  SCV  
  93  7:29  Medivac x2  
  97  7:33  SCV  
  97  7:34  SCV  
  99  7:37  SCV  
  99  7:44  Armory  
  100  7:45  Barracks Reactor, Barracks Tech Lab, Engineering Bay, Factory Reactor  
  100  7:48  Starport  
  100  7:50  SCV x2  
  100  7:51  SCV  
  103  7:57  Marine x4  
  107  8:07  Medivac x2  
  111  8:15  SCV x3  
  111  8:19  Marauder, Marine x2  
  119  8:20  Marauder  
  119  8:24  Supply Depot x3  
  119  8:25  Supply Depot  
  120  8:29  SCV  
  120  8:32  Command Center, SCV x2  
  123  8:42  SCV  
  123  8:44  SCV  
  123  8:46  SCV  
  123  8:47  Liberator x2  
  123  8:48  Liberator  
  107  9:02  Marine x2  
  101  9:03  Marauder x2, Marine x2  
  101  9:04  SCV x3, Marauder  
  123  9:17  Terran Infantry Weapons Level 2, Terran Infantry Armor Level 2  
  123  9:18  Terran Ship Weapons Level 1  
  123  9:23  Liberator  
  123  9:24  Widow Mine x2  
  123  9:30  Sensor Tower, Liberator x3  
  127  9:32  Sensor Tower  
  127  9:37  Marine x6  
  127  9:38  Marine  
  137  9:45  Supply Depot  
  137  9:48  Supply Depot  
  146  10:01  Marine x4  
  146  10:02  Marauder x3  
  146  10:09  Liberator  
  146  10:16  Widow Mine x2  
  146  10:19  Marine  
  146  10:20  Missile Turret  
  151  10:23  Marauder x2  
  151  10:26  Marine x3  
  151  10:27  Marine  
  162  10:33  Barracks  
  162  10:35  Refinery, Barracks, Missile Turret  
  160  10:36  Barracks  
  160  10:38  Refinery  
  160  10:39  Missile Turret  
  125  10:43  Marine  
  125  10:44  Marauder, Marine x2  
  125  10:45  Marauder  
  106  11:04  Liberator x2  
  106  11:05  Liberator  
  102  11:12  Missile Turret, Marine  
  102  11:13  Marauder x2, Marine  
  108  11:23  Barracks Reactor  
  108  11:24  Barracks Tech Lab x2  
  120  11:25  Marine  
  120  11:26  Marine  
  119  11:38  Command Center  
  118  11:51  Terran Infantry Weapons Level 3, Terran Infantry Armor Level 3  
  118  12:00  Marine x3  
  118  12:01  Marauder x2  
  125  12:04  Widow Mine x2  
  129  12:13  Medivac x4  
  137  12:16  Marauder, Marine x2  
  141  12:25  Marauder x2, Marine x5  
  141  12:29  SCV x2  
  152  12:30  SCV  
  152  12:32  Liberator x2  
  152  12:33  Liberator x2  
  152  12:35  Marine  
  152  12:36  Marauder, Marine  
  157  12:38  Widow Mine x2, Marauder  
  175  13:06  Marine x3  
  175  13:07  Marauder x3, Marine x3  
  187  13:25  Refinery  
  187  13:33  Refinery  
  133  13:52  Medivac  
  133  13:53  Medivac x3  
  140  14:00  Marauder, Marine x5  
  140  14:01  Marine, Marauder x4  
  140  14:02  Widow Mine x2  
  160  14:03  Terran Ship Weapons Level 2  
  160  14:04  Ghost Academy  
  160  14:09  Missile Turret  
  160  14:14  Planetary Fortress  
  160  14:18  Marine x2  
  160  14:22  Marauder  
  164  14:32  Missile Turret  
  164  14:34  Medivac x4  
  164  14:35  Marine  
  164  14:36  Marauder x2, Marine x2  
  172  15:11  Liberator x2  
  170  15:15  Ghost x3  
  176  15:22  Widow Mine x2  
  176  15:27  Liberator  
  176  15:28  Liberator  
  186  15:32  Supply Depot  
  166  16:09  Marine x3  
  166  16:10  Marauder x3  
  175  16:14  Medivac x2  
  175  16:16  Command Center  
  179  16:28  Marine x3  
  179  16:29  Marauder x2  
  179  16:31  Marauder  
Show
View Real Time Build Order
Export as new Build Order

Welmu Protoss 

Build Orders:  

Get SALT Encoding   

  12  0:01  Probe (Chrono Boost)  
  13  0:11  Probe (Chrono Boost)  
  14  0:17  Pylon  
  14  0:22  Probe (Chrono Boost)  
  15  0:36  Probe (Chrono Boost), Gateway  
  16  0:45  Assimilator  
  16  0:46  Probe (Chrono Boost)  
  18  0:57  Probe (Chrono Boost)  
  18  1:07  Probe (Chrono Boost)  
  19  1:12  Pylon  
  19  1:18  Probe (Chrono Boost)  
  20  1:24  Cybernetics Core  
  20  1:28  Probe (Chrono Boost)  
  20  1:32  Zealot (Chrono Boost)  
  25  2:01  Adept (Chrono Boost)  
  25  2:03  Mothership Core  
  27  2:09  Nexus  
  27  2:14  Warp Gate  
  27  2:27  Pylon  
  27  2:28  Pylon  
  27  2:32  Adept (Chrono Boost)  
  27  2:33  Probe  
  30  2:46  Probe  
  31  2:58  Probe, Adept (Chrono Boost)  
  34  3:01  Assimilator  
  34  3:10  Probe  
  35  3:21  Adept (Chrono Boost)  
  35  3:22  Probe x2  
  37  3:27  Robotics Facility  
  37  3:32  Probe  
  37  3:34  Probe  
  39  3:43  Probe  
  39  3:46  Probe  
  41  3:53  Probe  
  42  3:58  Probe  
  43  4:04  Probe  
  44  4:10  Probe  
  44  4:12  Nexus  
  44  4:14  Probe  
  46  4:22  Probe  
  43  4:24  Warp Prism (Chrono Boost)  
  43  4:25  Probe  
  44  4:34  Probe  
  44  4:36  Probe  
  46  4:40  Assimilator  
  46  4:41  Pylon x2  
  46  4:43  Assimilator  
  46  4:46  Probe  
  46  4:47  Probe, Twilight Council  
  48  4:54  Adept  
  48  4:57  Probe  
  48  4:59  Probe  
  50  5:00  Immortal (Chrono Boost)  
  52  5:07  Probe  
  52  5:11  Probe  
  52  5:12  Pylon  
  52  5:14  Gateway  
  52  5:15  Pylon  
  52  5:18  Probe  
  53  5:23  Probe  
  53  5:24  Probe  
  53  5:25  Gateway  
  55  5:29  Blink (Chrono Boost)  
  56  5:35  Probe (Chrono Boost), Observer  
  56  5:42  Adept  
  59  5:47  Mothership Core (Chrono Boost), Gateway  
  61  5:51  Gateway  
  61  5:52  Gateway  
  61  5:56  Immortal  
  65  6:07  Forge  
  65  6:12  Adept x2  
  65  6:14  Probe x3 (Chrono Boost)  
  72  6:23  Probe  
  72  6:24  Adept  
  72  6:25  Probe x2  
  77  6:31  Pylon x2  
  77  6:33  Probe  
  77  6:35  Sentry  
  77  6:36  Sentry  
  77  6:37  Probe  
  83  6:40  Pylon  
  83  6:41  Immortal  
  83  6:46  Protoss Ground Weapons Level 1 (Chrono Boost)  
  87  6:48  Probe  
  88  6:57  Adept x4, Pylon  
  96  7:07  Adept x2  
  100  7:15  Immortal  
  92  7:26  Resonating Glaives  
  92  7:29  Adept x5  
  100  7:30  Adept  
  102  7:39  Gateway  
  102  7:41  Gateway  
  102  7:42  Probe  
  102  7:43  Probe, Pylon  
  104  7:50  Immortal, Forge  
  104  7:53  Pylon  
  104  7:54  Pylon  
  104  7:57  Adept  
  104  7:58  Adept x3  
  115  8:16  Pylon  
  115  8:20  Pylon  
  115  8:23  Dark Shrine  
  115  8:24  Nexus  
  115  8:25  Protoss Ground Armor Level 1 (Chrono Boost)  
  115  8:27  Pylon  
  115  8:28  Protoss Ground Weapons Level 2 (Chrono Boost)  
  115  8:29  Pylon  
  115  8:34  Adept x4  
  124  8:55  Stalker x3  
  121  8:56  Stalker x3  
  128  9:04  Mothership Core  
  128  9:07  Pylon  
  128  9:09  Observer  
  130  9:16  Pylon  
  130  9:17  Pylon  
  130  9:22  Pylon  
  130  9:27  Adept x5  
  130  9:30  Observer  
  141  9:32  Stalker x2  
  145  9:40  Pylon  
  145  9:43  Stalker  
  146  9:51  Adept x2  
  146  9:52  Probe, Adept x2  
  154  9:53  Probe x3  
  158  10:03  Stalker x2  
  164  10:11  Warp Prism  
  164  10:14  Adept x3  
  164  10:16  Dark Templar  
  164  10:19  Dark Templar  
  174  10:23  Adept  
  176  10:28  Zealot  
  176  10:29  Zealot  
  134  10:53  Stalker x8  
  140  11:00  Warp Prism  
  138  11:19  Stalker x2, Adept x2  
  138  11:20  Probe x2  
  138  11:21  Probe x2  
  138  11:24  Assimilator  
  150  11:30  Assimilator  
  150  11:33  Probe  
  151  11:43  Nexus  
  151  11:44  Protoss Ground Weapons Level 3 (Chrono Boost)  
  151  11:48  Adept x3  
  151  11:49  Adept x5  
  167  12:03  Protoss Ground Armor Level 2 (Chrono Boost)  
  167  12:16  Pylon  
  167  12:19  Pylon  
  167  12:22  Pylon  
  167  12:32  Photon Cannon  
  167  12:41  Pylon  
  167  12:44  Adept x2  
  167  12:45  Adept x5  
  167  12:46  Adept  
  183  12:54  Gateway x2, Immortal  
  183  12:56  Gateway  
  187  12:58  Gateway  
  187  12:59  Stargate, Protoss Air Weapons Level 1 (Chrono Boost)  
  187  13:03  Probe  
  187  13:04  Probe  
  189  13:08  Probe x2  
  187  13:22  Stalker  
  187  13:23  Stalker x2  
  134  13:34  Probe  
  134  13:38  Immortal  
  134  13:39  Adept x5  
  92  13:50  Adept x3  
  94  14:02  Sentry, Adept x2  
  96  14:03  Adept x3  
  96  14:08  Dark Templar x2  
  96  14:09  Protoss Shields Level 1  
  108  14:11  Dark Templar  
  108  14:14  Adept x2  
  114  14:17  Immortal  
  114  14:23  Fleet Beacon  
  116  14:37  Probe  
  120  14:40  Assimilator  
  120  14:44  Assimilator  
  117  14:45  Photon Cannon  
  117  14:46  Adept x6  
  117  14:47  Sentry  
  127  14:56  Immortal  
  119  15:12  Dark Templar x2  
  119  15:13  Zealot x2  
  119  15:14  Zealot x6  
  127  15:31  Stalker x2  
  131  15:36  Immortal  
  131  15:37  Stalker x3  
  131  15:38  Stalker  
  131  15:41  Zealot x3  
  127  15:53  Stalker x3  
  125  16:07  Nexus  
  125  16:09  Tempest (Chrono Boost)  
  131  16:38  Dark Templar  
  131  16:39  Zealot x3  
  139  16:40  Zealot  
  139  16:43  Zealot x2, Stargate  
Tags
 
Add a new tag
Caveats
  • Supply blocks, unpowered buildings, or Contaminate may cause inaccurate times.
  • Supply counts are checked every 10 seconds.